AoeStats
← 客官

Arabia

508216515Analyzed
4v4 RM · 12d ago on Sep 21, 2026· 39m 16s· 8 players
Game mode
Random Map
Map size
Large (8 player)
Population
200
Speed
Normal
Resources
Standard
Victory
Conquest
Starting age
Dark Age
Ending age
Imperial Age
RankedLock teamsTeams togetherTeam positionsShared explorationLock speedFull tech treeHidden civsTurbo modeCheats
Victory
Defeat
🇨🇳 Britons · China
1456
+13
🇩🇰 Italians · Denmark
1450
+14
🇨🇳 Gurjaras · China
1351
+18
🇮🇳 Magyars · India
1326
+20
🇨🇳 Huns · China
1412
-17
🇭🇰 Persians · Hong Kong SAR China
1391
-16
🇨🇳 Cumans · China
1390
-16
🇨🇳 Vietnamese · China
1385
-16
客官
7:03 Loom
9:39 Feudal Age
16:09 Double-Bit Axe
21:50 Castle Age
22:01 Wheelbarrow
21:12 Town Watch
21:44 Bloodlines
23:19 Scale Barding Armor
25:35 Forging
28:19 Chain Barding Armor
29:20 Forging
31:12 Iron Casting
33:23 Bow Saw
32:54 Horse Collar
34:17 Gold Mining
34:18 Stone Mining
41:50 Imperial Age
418436883
4:49 Loom
9:41 Feudal Age
10:51 Double-Bit Axe
10:49 Horse Collar
14:08 Wheelbarrow
18:29 Padded Archer Armor
20:54 Fletching
22:33 Town Watch
25:11 Castle Age
27:20 Bodkin Arrow
26:50 Crossbowman
27:55 Hand Cart
28:00 Bow Saw
29:06 Heavy Plow
29:08 Gold Mining
30:38 Leather Archer Armor
35:23 Ballistics
38:20 Thumb Ring
Walkuere
7:20 Loom
10:24 Feudal Age
11:04 Double-Bit Axe
11:05 Horse Collar
17:45 Fletching
19:27 Padded Archer Armor
24:15 Castle Age
24:15 Elite Skirmisher
24:53 Bodkin Arrow
25:08 Gold Mining
27:27 Leather Archer Armor
crazy ant
6:00 Loom
8:40 Feudal Age
11:07 Double-Bit Axe
21:45 Forging
22:09 Scale Barding Armor
22:52 Bloodlines
26:55 Castle Age
27:47 Chain Barding Armor
27:31 Husbandry
27:14 Horse Collar
27:51 Bow Saw
31:10 Wheelbarrow
32:36 Hand Cart
35:38 Iron Casting
39:14 Imperial Age
38:09 Gold Mining
39:07 Heavy Plow
38:53 Cavalier
Lord Longshaft
8:57 Feudal Age
11:38 Loom
11:46 Fletching
12:13 Town Watch
16:26 Padded Archer Armor
17:52 Double-Bit Axe
22:27 Castle Age
20:39 Horse Collar
21:21 Gold Mining
23:17 Bodkin Arrow
22:45 Crossbowman
24:38 Leather Archer Armor
26:22 Ballistics
26:35 Thumb Ring
28:29 Bow Saw
28:42 Stone Mining
31:50 Wheelbarrow
33:29 Treadmill Crane
37:00 Imperial Age
39:27 Bracer
小农民
1:03 Loom
9:24 Feudal Age
11:09 Horse Collar
13:37 Scale Barding Armor
18:26 Forging
22:51 Double-Bit Axe
24:14 Bloodlines
24:05 Gold Mining
27:48 Castle Age
29:10 Chain Barding Armor
29:26 Iron Casting
28:55 Husbandry
29:11 Heavy Plow
29:04 Stone Mining
31:49 Wheelbarrow
40:04 Imperial Age
39:55 Gold Shaft Mining
39:42 Hand Cart
王德发
2:59 Loom
9:16 Feudal Age
16:05 Fletching
17:33 Padded Archer Armor
22:27 Castle Age
21:14 Gold Mining
21:41 Town Watch
23:33 Wheelbarrow
23:05 Bodkin Arrow
22:31 Crossbowman
23:25 Double-Bit Axe
24:50 Leather Archer Armor
27:36 Bow Saw
27:45 Bow Saw
29:05 Ballistics
36:04 Imperial Age
37:48 Chemistry
36:49 Bracer
36:10 Arbalester
36:54 Capped Ram
38:53 Hand Cart
FreakinGorkha
6:09 Loom
8:57 Feudal Age
9:29 Double-Bit Axe
20:35 Castle Age
19:23 Bloodlines
20:12 Scale Barding Armor
20:37 Light Cavalry
21:19 Husbandry
21:42 Bow Saw
25:25 Gold Mining
26:54 Chain Barding Armor
35:24 Wheelbarrow
36:43 Gold Shaft Mining
40:29 Imperial Age
Connection lost

Rejoining the realm…

Still unreachable

The connection could not be restored.

Session expired

The server has moved on; the page needs a fresh start.